 Dungeon Crawl Stone Soup version 0.18-a0-1273-g8ec5f8e (webtiles) character file.

237 dvd the Firebug (level 5, -4/28 HPs)
             Began as a Deep Elf Fire Elementalist on Feb 7, 2016.
             Slain by a giant frog (7 damage)
             ... on level 4 of the Dungeon.
             The game lasted 00:09:04 (3149 turns).

dvd the Firebug (Deep Elf Fire Elementalist)        Turns: 3149, Time: 00:09:04

Health: -4/28      AC:  3    Str:  5    XL:     5   Next: 77%
Magic:  0/14       EV: 13    Int: 21    God:
Gold:   136        SH:  0    Dex: 15    Spells: 3 memorised, 7 levels left

rFire  . . .     SeeInvis .     a - +2 dagger (freeze)
rCold  . . .     Gourm    .     m - +0 robe
rNeg   . . .     Faith    .     (no shield)
rPois  .         Spirit   .     (no helmet)
rElec  .         Dismiss  .     (no cloak)
rCorr  .         Reflect  .     (no gloves)
SustAt .         Harm     .     v - +0 pair of boots
MR     .....                    (no amulet)
Stlth  ++........               (no ring)
                                (no ring)

@: very slightly contaminated, not resistant to hostile enchantments, unstealthy
A: no striking features
a: no special abilities


You were on level 4 of the Dungeon.
You were hungry.

You visited 1 branch of the dungeon, and saw 4 of its levels.

You collected 136 gold pieces.

Inventory:

Hand Weapons
 a - a +2 dagger of freezing (weapon)
 f - a +3 dagger
 n - a cursed -1 dagger
 q - a +2 whip of venom
Armour
 m - a +0 robe (worn)
 v - a +0 pair of boots (worn)
Scrolls
 e - a scroll of magic mapping {unknown}
 h - a scroll of recharging {unknown}
 i - 3 scrolls of identify {unknown}
 j - a scroll of random uselessness {unknown}
 l - a scroll of remove curse {unknown}
 p - a scroll of teleportation {unknown}
 t - a scroll of enchant weapon {unknown}
Potions
 k - a potion of heal wounds {unknown}
 o - 2 potions of curing {unknown}
 r - a potion of lignification {unknown}
 s - a potion of cure mutation {unknown}
 u - a potion of agility {unknown}
Books
 b - a book of Flames

   Spells                             Type                      Level
   a - Flame Tongue                   Conjuration/Fire             1
   b - Throw Flame                    Conjuration/Fire             2
   c - Conjure Flame                  Conjuration/Fire             3
   d - Inner Flame                    Hexes/Fire                   3
   e - Sticky Flame                   Conjuration/Fire             4
   f - Fireball                       Conjuration/Fire             5
Comestibles
 c - 3 bread rations
 d - a slice of pizza
 g - 2 meat rations


   Skills:
 + Level 0.1 Fighting
 + Level 2.6 Dodging
 + Level 3.3 Stealth
 + Level 5.1 Spellcasting
 + Level 2.9 Conjurations
 + Level 5.1 Fire Magic


You had 7 spell levels left.
You knew the following spells:

 Your Spells              Type           Power        Failure   Level  Hunger
a - Flame Tongue          Conj/Fire      ###..        1%          1    None
b - Throw Flame           Conj/Fire      ###...       3%          2    None
c - Sticky Flame          Conj/Fire      ###.....     24%         4    ####...


Dungeon Overview and Level Annotations

Branches:
Dungeon (4/15)
 Temple: D:4-7

Altars:
Elyvilon
Fedhas
Gozag
Okawaru
Trog


Message History

Casting: Flame Tongue
Confirm with . or Enter, or press ? or * to list all spells.
Aiming: Flame Tongue
Press: ? - help, Shift-Dir - straight line, f/p - giant frog
Aim: a giant frog (moderately wounded)
The flame tongue hits the giant frog.
The giant frog is severely wounded.
The giant frog hits you!
* * * LOW HITPOINT WARNING * * *
Casting: Flame Tongue
Confirm with . or Enter, or press ? or * to list all spells.
Aiming: Flame Tongue
Press: ? - help, Shift-Dir - straight line, f/p - giant frog
Aim: a giant frog (severely wounded)
The flame tongue hits the giant frog.
The giant frog is almost dead.
The giant frog hits you.
* * * LOW HITPOINT WARNING * * *
The giant frog hits you!
You die...

###..# .....# #..#
.....# #..# .....# #..#
.....###########..#
..................#
.....####.........
..............##.#
.##...........##@#
##.###..###.##F# #.#
#..###.##.######
#.###.<.....<........
###....................
#....##..##.####..#.###
#....##..##.# ..# #
#)..........# ..#
###......#### ..#


You could see a giant frog.

Vanquished Creatures
  The ghost of dvd the Firebug, a weakling DEFE (D:3)
  An orc priest (D:3)
  An orc wizard (D:3)
  5 adders
  3 gnolls (D:2)
  An ooze (D:2)
  5 giant geckos
  9 orcs (D:3)
  A ball python (D:3)
  4 giant cockroaches
  6 goblins
  4 hobgoblins
  6 kobolds
  2 quokkas
  3 bats
  5 rats
57 creatures vanquished.

Vanquished Creatures (others)
  5 toadstools (D:1)
5 creatures vanquished.

Grand Total: 62 creatures vanquished

Notes
Turn   | Place    | Note
--------------------------------------------------------------
     0 | D:1      | dvd the Deep Elf Fire Elementalist began the quest for the Orb.
     0 | D:1      | Reached XP level 1. HP: 10/10 MP: 6/6
   639 | D:2      | Reached XP level 2. HP: 13/15 MP: 4/8
   645 | D:2      | Learned a level 2 spell: Throw Flame
  1073 | D:2      | Reached skill level 4 in Fire Magic
  1127 | D:2      | Reached XP level 3. HP: 19/19 MP: 6/9
  1177 | D:2      | Found a white marble altar of Elyvilon.
  1765 | D:2      | Reached XP level 4. HP: 22/24 MP: 2/12
  2097 | D:3      | Learned a level 4 spell: Sticky Flame
  2273 | D:3      | Noticed dvd's ghost (weakling DEFE)
  2282 | D:3      | Killed dvd's ghost
  2282 | D:3      | Reached XP level 5. HP: 25/28 MP: 2/13
  2400 | D:3      | Found a blossoming altar of Fedhas.
  2537 | D:3      | Found an opulent altar of Gozag.
  2632 | D:3      | Found an iron altar of Okawaru.
  2666 | D:3      | Reached skill level 5 in Spellcasting
  2666 | D:3      | Reached skill level 5 in Fire Magic
  2882 | D:3      | Found a bloodstained altar of Trog.
  3149 | D:4      | Slain by a giant frog

Vault maps used:
D:1:      ldierk_walled_garden
D:2:      elyvilon_altar_3, st_stairs_14, minmay_liquid_box
D:3:      nicolae_overflow_hidden_temple, okawaru_trees_1, lemuel_round_altar,
          first_bread, fedhas_altar_3
D:4:      lemuel_doored_altar

Action                   |  1- 3 |  4- 6 || total
-------------------------+-------+-------++-------
Melee: Dagger            |     2 |    15 ||    17
 Cast: Flame Tongue      |    31 |    44 ||    75
       Throw Flame       |    15 |    27 ||    42
 Stab: Sleeping          |       |     1 ||     1
  Eat: Chunk             |     3 |     4 ||     7
